AoeStats
← shali

Arabia

507960611Analyzed
2v2 RM · 12d ago on Sep 20, 2026· 43m 27s· 4 players
Game mode
Random Map
Map size
Medium (4 player)
Population
200
Speed
Normal
Resources
Standard
Victory
Conquest
Starting age
Dark Age
Ending age
Imperial Age
RankedLock teamsTeams togetherTeam positionsShared explorationLock speedFull tech treeHidden civsTurbo modeCheats
Victory
Defeat
🇨🇳 Spanish · China
771
+11
🇨🇳 Japanese · China
759
+11
🇮🇱 Teutons · Israel
662
-11
🇮🇱 Franks · Israel
655
-11
shali
2:18 Loom
12:50 Feudal Age
15:06 Fletching
17:58 Bloodlines
20:27 Forging
23:26 Padded Archer Armor
26:02 Castle Age
24:33 Double-Bit Axe
24:31 Horse Collar
24:47 Gold Mining
27:07 Scale Barding Armor
27:04 Scale Mail Armor
29:03 Bodkin Arrow
30:07 Chain Mail Armor
30:30 Iron Casting
34:30 Leather Archer Armor
36:34 Bow Saw
37:57 Chain Barding Armor
46:02 Imperial Age
43:41 Stone Mining
Lortix
7:09 Loom
9:52 Feudal Age
11:03 Double-Bit Axe
16:17 Scale Barding Armor
17:40 Scale Mail Armor
20:47 Fletching
21:44 Forging
26:10 Castle Age
27:13 Husbandry
26:39 Crossbowman
27:20 Light Cavalry
28:23 Chain Barding Armor
凌霄诚
9:00 Loom
11:24 Feudal Age
19:31 Castle Age
18:02 Double-Bit Axe
18:07 Horse Collar
27:56 Wheelbarrow
35:03 Imperial Age
36:23 Gold Mining
36:26 Stone Mining
39:45 Heavy Plow
40:03 Hand Cart
39:34 Town Watch
39:16 Elite Conquistador
40:26 Ballistics
Assassin
11:05 Feudal Age
12:30 Wheelbarrow
11:44 Double-Bit Axe
12:24 Horse Collar
12:55 Loom
25:43 Castle Age
27:03 Hand Cart
27:23 Pikeman
27:27 Elite Skirmisher
28:27 Bow Saw
30:57 Padded Archer Armor
33:52 Heavy Plow
36:55 Gold Mining
40:10 Stone Mining
40:56 Gold Shaft Mining
44:10 Imperial Age
43:21 Scale Mail Armor
Connection lost

Rejoining the realm…

Still unreachable

The connection could not be restored.

Session expired

The server has moved on; the page needs a fresh start.